 Dungeon Crawl Stone Soup version 0.25.0-9-g26727b657a (webtiles) character file.

Game seed: 5789409663891168344

57 Jakers the Grave Robber (level 3, 0/19 HPs)
             Began as a Vampire Necromancer on June 19, 2020.
             Slain by an adder (1 damage)
             ... on level 2 of the Dungeon.
             The game lasted 00:04:08 (1124 turns).

Jakers the Grave Robber (Vampire Necromancer)       Turns: 1124, Time: 00:04:09

Health: 0/19       AC:  2    Str:  7    XL:     3   Next: 73%
Magic:  1/6        EV: 12    Int: 18    God:
Gold:   90         SH:  0    Dex: 14    Spells: 4/6 levels left

rFire    . . .     SeeInvis +   b - +0 short sword
rCold    + + .     Gourm    .   (no shield)
rNeg     + + +     Faith    .   a - +0 robe
rPois    ∞         Spirit   .   (no helmet)
rElec    .         Reflect  .   (no cloak)
rCorr    .         Harm     .   (no gloves)
MR       .....                  (no boots)
Stlth    ++++......             (no amulet)
HPRegen  0.00/turn              (no ring)
MPRegen  0.10/turn              (no ring)

@: lethally poisoned (0 -> 0), bloodless
A: no food, fangs 3, see invisible, unbreathing
a: Bat Form, Revivify


You were on level 2 of the Dungeon.
You were bloodless.

You visited 1 branch of the dungeon, and saw 2 of its levels.

You collected 90 gold pieces.

Inventory:

Hand Weapons
 b - a +0 short sword (weapon)
Armour
 a - a +0 robe (worn)
Jewellery
 e - an uncursed amulet of the acrobat {unknown}
Scrolls
 c - 3 scrolls of identify {unknown}
 f - a scroll of random uselessness {unknown}
 g - a scroll of magic mapping {unknown}
Potions
 d - a potion of curing {unknown}


   Skills:
 - Level 2.1 Dodging
 - Level 3.0 Stealth
 - Level 2.0 Spellcasting
 + Level 6.0 Necromancy


You had 4 spell levels left.
You knew the following spells:

 Your Spells              Type           Power        Failure   Level  Hunger
a - Pain                  Necr           ###.         1%          1    N/A
b - Animate Skeleton      Necr           N/A          1%          1    N/A

Your spell library contained the following spells:

 Spells                   Type           Power        Failure   Level  Hunger
 Vampiric Draining        Necr           ###.......   4%          3    N/A
 Animate Dead             Necr           N/A          16%         4    N/A
 Agony                    Necr           ###.....     38%         5    N/A

Dungeon Overview and Level Annotations

Branches:
Dungeon (2/15)

Altars:


Innate Abilities, Weirdness & Mutations

You do not eat.
You do not regenerate when monsters are visible.
You are frail without blood (-20% HP).
You can heal yourself when you bite living creatures.
You are immune to poison.
You have razor-sharp teeth.
You have supernaturally acute eyesight. (SInv)
You can survive without breathing.


Message History

The adder is moderately wounded.
The adder bites you.
* * * LOW HITPOINT WARNING * * *
You hit the adder.
The adder is heavily wounded.
The adder barely misses you. The adder closely misses you.
You hit the adder.
The adder is severely wounded.
The adder bites you.
* * * LOW HITPOINT WARNING * * *
You barely miss the adder.
The adder is severely wounded.
The adder closely misses you. The adder misses you.
You hit the adder but do no damage.
The adder is severely wounded.
The adder barely misses you.
You completely miss the adder.
The adder is severely wounded.
The adder bites you.
You die...

#......# #......# .#
#......# .# #......# ..#
#).#†# ..+ #†.#.#...#
#..#.#...##.
###+#S...$......
#....@...########.#
#........'........# #
#........#...#########
...!....................
.########.......########
#.......# #.......#
#...(...# #.......#


You could see an adder.

Vanquished Creatures
  2 adders (D:2)
  4 leopard geckos
  5 bats
  2 giant cockroaches (D:1)
  3 hobgoblins (D:1)
  3 jackals
  3 kobolds (D:1)
  2 frilled lizards (D:1)
  5 goblins
  A rat (D:2)
30 creatures vanquished.

Vanquished Creatures (collateral kills)
  A jackal (D:1)
  2 kobolds (D:1)
  A bat (D:1)
4 creatures vanquished.

Grand Total: 34 creatures vanquished

Notes
Turn   | Place    | Note
-------+----------+-------------------------------------------
     0 | D:1      | Jakers the Vampire Necromancer began the quest for the Orb.
     0 | D:1      | Reached XP level 1. HP: 13/13 MP: 3/3
   132 | D:1      | Reached XP level 2. HP: 18/19 MP: 0/5
   140 | D:1      | Reached skill level 5 in Necromancy
   281 | D:1      | Learned a level 1 spell: Animate Skeleton
   719 | D:1      | Reached XP level 3. HP: 24/24 MP: 6/6
  1089 | D:2      | Reached skill level 6 in Necromancy
  1124 | D:2      | Slain by an adder

Illustrated notes

Levels and vault maps discovered:
D:1:      mainiacjoe_arrival_reflecting_pool, layout_basic,
          corexii_leaking_fountain
D:2:      layout_basic, minmay_pentomino_pile

Skill      XL: |  1  2  3 |
---------------+----------+-----
Necromancy     | 5 6 |  6.0
Dodging        | |  2.1
Stealth        | |  3.0
Spellcasting   | |  2.0

Action                   || total
-------------------------++-------
Melee: Short sword       ||    32
       Bite              ||     3
 Cast: Pain              ||    39
       Animate Skeleton  ||    10
 Abil: Exsanguinate      ||     1
Armor: Robe              ||     9
Dodge: Dodged            ||    36
